 Dungeon Crawl Stone Soup version 0.30-b1-2-g02819fbbbe (webtiles) character file.

Game seed: 7409903758531124984

12 Alarkh the Vexing (level 2, 21/21 HPs)
             Began as a Demonspawn Hexslinger on July 8, 2023.
             Got out of the dungeon alive.
             The game lasted 00:01:11 (342 turns).

Alarkh the Vexing (Demonspawn Hexslinger)            Turns: 342, Time: 00:01:11

Health: 21/21      AC:  3    Str: 10    XL:     2   Next: 20%
Magic:  3/3        EV: 12    Int: 14    God:
Gold:   24         SH:  0    Dex: 13    Spells: 2/3 levels left

rFire   . . .        a - +1 sling
rCold   . . .        (no shield)
rNeg    . . .        c - +0 robe
rPois   .            (no helmet)
rElec   .            (no cloak)
rCorr   .            g - +0 pair of gloves
SInv    .            (no boots)
Will    .....        (no amulet)
Stlth   +            (no ring)
HPRegen 0.23/turn    (no ring)
MPRegen 0.08/turn

%: no passive effects
@: no status effects
A: demonic magic 1
a: no special abilities


You escaped.
You visited 1 branch of the dungeon, and saw 1 of its levels.

You collected 24 gold pieces.

Inventory:

Hand Weapons
 a - a +1 sling (weapon)
 b - a +2 dagger of venom
Armour
 c - a +0 robe (worn)
 g - a +0 pair of gloves (worn)
Scrolls
 e - 2 scrolls of enchant armour {unknown}
 f - a scroll of poison
 h - a scroll of teleportation {unknown}
Potions
 d - 2 potions of flight {unknown}


   Skills:
 - Level 1.0 Fighting
 + Level 2.6 Ranged Weapons
 - Level 1.7 Dodging
 - Level 1.0 Spellcasting
 - Level 3.0 Hexes


You had 2 spell levels left.
You knew the following spells:

 Your Spells              Type           Power      Damage    Failure   Level
a - Slow                  Hex            36%        N/A       8%          1

Your spell library contained the following spells:

 Spells                   Type           Power      Damage    Failure   Level
 Inner Flame              Hex/Fire       4%         N/A       38%         3
 Portal Projectile        Hex/Tloc       8%         N/A       38%         3
 Cause Fear               Hex            4%         N/A       58%         4
 Olgreb's Toxic Radiance  Pois           0%         N/A       95%         4
 Discord                  Hex            4%         N/A       100%        8
 Ignition                 Fire           0%         3d3       100%        8


Dungeon Overview and Level Annotations

Branches:
Dungeon (1/15)

Altars:

Shops:
D:1 *(


Innate Abilities, Weirdness & Mutations

Spells you cast may paralyse adjacent enemies.


Message History

The sling bullet closely misses the giant cockroach.
The giant cockroach waves its antennae.
You shoot a sling bullet.
The sling bullet completely misses the giant cockroach.
You shoot a sling bullet.
The sling bullet hits the giant cockroach but does no damage.
The giant cockroach bites you.
You shoot a sling bullet.
The sling bullet hits the giant cockroach but does no damage.
The giant cockroach barely misses you.
You shoot a sling bullet.
The sling bullet barely misses the giant cockroach.
The giant cockroach bites you. x2
You shoot a sling bullet.
The sling bullet hits the giant cockroach.
The giant cockroach is moderately wounded.
The giant cockroach bites you. x2
You shoot a sling bullet.
The sling bullet barely misses the giant cockroach.
The giant cockroach misses you.
You shoot a sling bullet.
The sling bullet barely misses the giant cockroach.
The giant cockroach bites you but does no damage.
The giant cockroach misses you.
You shoot a sling bullet.
The sling bullet barely misses the giant cockroach.
The giant cockroach barely misses you.
You shoot a sling bullet.
The sling bullet barely misses the giant cockroach.
The giant cockroach bites you but does no damage.
The giant cockroach bites you.
You shoot a sling bullet.
The sling bullet hits the giant cockroach.
You kill the giant cockroach!
No target in view!
HP restored.
There is a fountain of clear blue water here.
There is a staircase leading out of the dungeon here.
Are you sure you want to leave the Dungeon?
This will make you lose the game!
You have escaped!

##.....# ####### ##.....#
#.##..##### #..#.#. ##.##......#
####......
...##..###.#############.....#.#.
#####..##.....................#.#
.......##..##♣♣♣.♣♣♣##...........
.#####.##..# ♣⌠♣ #....†...#.#
.##..#.##..♣♣♣♣♣.♣♣♣♣♣........#∩#
.##..#.##.....⌠.@.⌠...........#.#
)#...#.##..♣♣♣♣♣.♣♣♣♣♣........#.#
.##.##.##..# ♣⌠♣ #..#.#+#.#.#
...........##♣♣♣.♣♣♣##..#.# #.#.#
###.####..........).....#.# #.#.#
#.# #...#####...###.##.....#.#
###.# ##### ###........#. #.#
....# ########.#.# ##### #


There were no monsters in sight!

Vanquished Creatures
  An endoplasm (D:1)
  2 giant cockroaches (D:1)
  A goblin (D:1)
  A hobgoblin (D:1)
  A kobold (D:1)
  2 ball pythons (D:1)
  2 bats (D:1)
  A rat (D:1)
11 creatures vanquished.

Vanquished Creatures (others)
  A plant (D:1)
1 creature vanquished.

Grand Total: 12 creatures vanquished

Notes
Turn   | Place    | Note
-------+----------+-------------------------------------------
     0 | D:1      | Alarkh the Demonspawn Hexslinger began the quest for the
                  | Orb.
     0 | D:1      | Reached XP level 1. HP: 15/15 MP: 2/2
    87 | D:1      | Found Nude's General Store.
   153 | D:1      | Found a faded altar of an unknown god.
   161 | D:1      | Found Huazoqenn's Antique Weapon Shoppe.
   188 | D:1      | Gained mutation: Spells you cast may paralyse adjacent
                  | enemies. [demonic ancestry]
   188 | D:1      | Reached XP level 2. HP: 21/21 MP: 3/3
   342 | D:$      | Got out of the dungeon alive.

Illustrated notes

Levels and vault maps discovered:
D:1:      scummos_arrival_forest, layout_basic, serial_shops, shop,
          nicolae_shop_real_fake_doors, nicolae_shop_window_shopping,
          hellmonk_ecumenical_altar_blasted, chequers_big_river

Skill      XL: |  1 |
---------------+----+-----
Ranged Weapons | 2 |  2.6
Fighting       | |  1.0
Dodging        | |  1.7
Spellcasting   | |  1.0
Hexes          | |  3.0

Action                     || total
---------------------------++-------
   Fire: Sling             ||    35
 Armour: Robe              ||     3
  Dodge: Dodged            ||     5
